 Dungeon Crawl Stone Soup version 0.31.0-11-ge490571c62 (webtiles) character file.

Game seed: 17043792720618520957

49 qw the Shooter (level 3, -11/20 HPs)
             Began as a Deep Elf Hunter on Feb 5, 2024.
             Mangled by Terence
             ... wielding a +0 trident
              (12 damage)
             ... on level 2 of the Dungeon.
             The game lasted 00:00:03 (886 turns).

qw the Shooter (Deep Elf Hunter)                     Turns: 886, Time: 00:00:04

Health: -11/20     AC:  3    Str: 10    XL:     3   Next: 51%
Magic:  5/5        EV: 12    Int: 13    God:
Gold:   65         SH:  0    Dex: 18    Spells: 2/2 levels left

rFire   . . .        a - +0 shortbow
rCold   . . .        (shield currently unavailable)
rNeg    . . .        c - +0 leather armour
rPois   .            (no helmet)
rElec   .            (no cloak)
rCorr   .            (no gloves)
SInv    .            (no boots)
Will    .....        h - amulet of the acrobat
Stlth   ++           (no ring)
HPRegen 0.23/turn    (no ring)
MPRegen 0.09/turn

%: acrobat
@: no status effects
A: no striking features
a: no special abilities


You were on level 2 of the Dungeon.
You visited 1 branch of the dungeon, and saw 2 of its levels.

You collected 65 gold pieces.


   Skills:
 - Level 1.5 Fighting
 + Level 7.0 Ranged Weapons
 - Level 2.4 Dodging
 - Level 1.2 Stealth


You had 2 spell levels left.
You didn't know any spells.
Your spell library was empty.

Inventory:

Hand Weapons
 a - a +0 shortbow (weapon)
Armour
 c - a +0 leather armour (worn)
Jewellery
 h - an amulet of the acrobat (around neck)
Scrolls
 b - a scroll of fear {unknown}
 e - a scroll of revelation {unknown}
 f - 2 scrolls of noise {unknown}
Potions
 d - a potion of haste
 i - 2 potions of enlightenment

Dungeon Overview and Level Annotations

Branches:
Dungeon (2/15)

Altars:

Annotations:
D:2 Terence


Message History

You kill the goblin!
Terence the Incautious comes into view.
He is wielding a +0 trident.
Terence shouts!
You shoot an arrow. The arrow hits Terence.
Terence is lightly wounded.
Terence says, "Time to say good-bye..."
You shoot an arrow.
The arrow hits Terence but does no damage.
Terence is lightly wounded.
You shoot an arrow. The arrow hits Terence.
Terence is moderately wounded.
You shoot an arrow. The arrow hits Terence.
Terence is heavily wounded.
Terence closely misses you.
You shoot an arrow.
The arrow hits Terence but does no damage.
Terence is heavily wounded.
Terence barely misses you.
You shoot an arrow.
The arrow hits Terence but does no damage.
Terence is heavily wounded.
Terence barely misses you.
You shoot an arrow.
The arrow hits Terence but does no damage.
Terence is heavily wounded.
Terence hits you from afar with a +0 trident.
You shoot an arrow. The arrow hits Terence.
Terence is severely wounded.
Terence hits you but does no damage.
You shoot an arrow. The arrow barely misses Terence.
Terence hits you from afar with a +0 trident!
You shoot an arrow.
The arrow hits Terence but does no damage.
Terence is severely wounded.
Terence closely misses you.
You shoot an arrow. The arrow barely misses Terence.
Terence hits you from afar with a +0 trident! x2
Ouch! That really hurt!
You die...
Terence says, "That felt goooood."

### #>. ########.#
.......#.# .......#.#
.......#.###
...).@.@...#
.....)....%# .####.#
..##.......####....#.#
#...............#.#
#.......######....#
#.......# #.#..#
#.......# #.##.###
#.......# #.##...#
#.......# ##'##.#..


You could see Terence.

Vanquished Creatures
  An adder (D:2)
  A ribbon worm (D:2)
  3 dart slugs
  3 endoplasms
  A giant cockroach (D:2)
  4 goblins
  A hobgoblin (D:1)
  2 jackals (D:1)
  3 bats
  2 frilled lizards (D:1)
  8 kobolds (D:1)
  3 rats
32 creatures vanquished.

Notes
Turn   | Place    | Note
-------+----------+-------------------------------------------
     0 | D:1      | qw the Deep Elf Hunter began the quest for the Orb.
     0 | D:1      | Reached XP level 1. HP: 12/12 MP: 3/3
     0 | D:1      | 0 ||| qw: Version: 0.3-a-160-g6735b56
     0 | D:1      | 0 ||| qw: Game counter: 6161
     0 | D:1      | 0 ||| qw: Melee chars always use a shield: true
     0 | D:1      | 0 ||| qw: God list: Okawaru
     0 | D:1      | 0 ||| qw: Allow faded altars: false
     0 | D:1      | 0 ||| qw: Do Orc after clearing Dungeon:15 true
     0 | D:1      | 0 ||| qw: Do second Lair branch before Depths: true
     0 | D:1      | 0 ||| qw: Lair rune preference: random
     0 | D:1      | 0 ||| qw: Goals: Normal
     0 | D:1      | 0 ||| PLANNING D:1-11
   255 | D:1      | Reached XP level 2. HP: 16/16 MP: 4/4
   265 | D:1      | Reached skill level 6 in Ranged Weapons
   616 | D:1      | 616 ||| UPGRADING to amulet of the acrobat.
   621 | D:1      | 621 ||| READING scroll labelled WELOOSOM BOATS.
   624 | D:1      | 624 ||| READING 2 scrolls labelled LOAXZA LIFEW JYG.
   624 | D:1      | 624 ||| IDENTIFYING smoky yellow potion
   625 | D:1      | 625 ||| READING scroll of identify.
   625 | D:1      | 625 ||| IDENTIFYING black potion
   626 | D:1      | 626 ||| DRINKING 2 grey potions.
   627 | D:1      | 627 ||| DROPPING scroll of butterflies.
   628 | D:1      | 628 ||| DROPPING potion of attraction.
   696 | D:2      | Reached XP level 3. HP: 12/20 MP: 5/5
   739 | D:2      | 739 ||| DROPPING +1 sling of draining.
   849 | D:2      | Reached skill level 7 in Ranged Weapons
   875 | D:2      | Noticed Terence
   886 | D:2      | HP: 1/20 [Terence/+0 trident (7)]
   886 | D:2      | Mangled by Terence

Levels and vault maps discovered:
D:1:      minmay_arrival_pointy, layout_basic, minmay_misc_feat_plants,
          minmay_misc_feat_x, lexackson_kobold_supper
D:2:      layout_basic, serial_shops, shop, uniq_terence

Skill      XL: |  1  2  3 |
---------------+----------+-----
Ranged Weapons | 6 7 |  7.0
Fighting       | |  1.5
Dodging        | |  2.4
Stealth        | |  1.2

Action                     || total
---------------------------++-------
   Fire: Shortbow          ||    87
    Use: Scroll            ||     3
         Potion            ||     1
 Armour: Leather armour    ||    13
  Dodge: Dodged            ||    15

Table legend:
 A = Non-vault XP
 B = Vault XP
 C = Vault XP percentage of total XP
 D = Non-vault monster count
 E = Vault monster count
 F = Vault count percentage of total count
                 A         B        C        D         E       F
            +---------+---------+-------+---------+---------+-------
      Total |      62 |       8 |  11.4 |      24 |       8 |  25.0
            +---------+---------+-------+---------+---------+-------
        D:1 |      23 |       8 |  25.8 |      13 |       8 |  38.1
        D:2 |      39 |       0 |   0.0 |      11 |       0 |   0.0
            +---------+---------+-------+---------+---------+-------
